 Dungeon Crawl Stone Soup version 0.29-a0-321-gf1c400731a (webtiles) character file.

Game seed: 1920807130566283594

44 spaghetti the Conjurer (level 3, -1/26 HPs)
             Began as a Demigod Conjurer on Apr 4, 2022.
             Slain by a goblin
             ... wielding a +0 dagger
             ... led by Robin
              (2 damage)
             ... on level 2 of the Dungeon.
             The game lasted 00:02:08 (1801 turns).

spaghetti the Conjurer (Demigod Conjurer)           Turns: 1801, Time: 00:02:09

Health: -1/26      AC:  3    Str:  8    XL:     3   Next: 23%
Magic:  0/10       EV: 12    Int: 24    God:
Gold:   80         SH:  0    Dex: 12    Spells: 5/8 levels left

rFire   . . .      SeeInvis .   E - +0 dagger (vamp) {short}
rCold   . . .      Faith    .   (no shield)
rNeg    + . .      Spirit   +   a - +0 robe
rPois   .          Reflect  .   (no helmet)
rElec   .          Harm     .   (no cloak)
rCorr   .          Rampage  .   A - +0 pair of gloves
Will    +....                   (no boots)
Stlth   ++........              p - amulet of guardian spirit
HPRegen 0.08/turn               d - ring of positive energy
MPRegen 0.12/turn               v - ring of willpower

@: mighty, about to teleport
A: high MP 1, forlorn, divine attributes
a: no special abilities


You were on level 2 of the Dungeon.
You visited 1 branch of the dungeon, and saw 3 of its levels.

You collected 80 gold pieces.


Innate Abilities, Weirdness & Mutations

You have an increased reservoir of magic. (+10% MP)
You shall have no god before yourself.
Your divine heritage dramatically boosts your attributes as you level up.


   Skills:
 - Level 1.7 Dodging
 - Level 1.7 Stealth
 + Level 3.1 Spellcasting
 - Level 3.7 Conjurations


You had 5 spell levels left.
You knew the following spells:

 Your Spells              Type           Power      Damage    Failure   Level
a - Magic Dart            Conj           84%        1d7       2%          1
b - Searing Ray           Conj           42%        2d6       3%          2

Your spell library contained the following spells:

 Spells                   Type           Power      Damage    Failure   Level
 Dazzling Flash           Conj/Hex       24%        N/A       14%         3
 Fulminant Prism          Conj/Hex       6%         3d7       43%         4
 Iskenderun's Mystic Bla  Conj/Tloc      12%        2d5       43%         4

Inventory:

Hand Weapons
 c - a +0 hunting sling {sling}
   (You found it on level 1 of the Dungeon)
 e - a +0 dagger {short}
   (You took it off a goblin on level 1 of the Dungeon)
 g - a +0 dagger {short}
   (You found it on level 1 of the Dungeon)
 h - a +0 hand axe {axe}
   (You found it on level 1 of the Dungeon)
 i - a +0 dagger {short}
   (You took it off a goblin on level 1 of the Dungeon)
 j - a +0 dagger {short}
   (You found it on level 1 of the Dungeon)
 l - a +0 hunting sling {sling}
   (You found it on level 1 of the Dungeon)
 n - a +0 dagger {short}
   (You took it off a kobold on level 1 of the Dungeon)
 o - a +0 mace {mace}
   (You found it on level 1 of the Dungeon)
 q - a +0 rapier {short}
   (You found it on level 1 of the Dungeon)
 t - a +0 club {mace}
   (You took it off a goblin on level 2 of the Dungeon)
 z - a +0 mace {mace}
   (You found it on level 2 of the Dungeon)
 B - a +0 club {mace}
   (You took it off a goblin on level 2 of the Dungeon)
 C - a +0 dagger {short}
   (You took it off a kobold on level 2 of the Dungeon)
 E - a +0 vampiric dagger (weapon) {short}
   (You took it off a goblin on level 2 of the Dungeon)
Missiles
 k - 43 stones {throwing}
 w - 5 poisoned darts {throwing}
Armour
 a - a +0 robe (worn)
 A - a +0 pair of gloves (worn)
   (You found it on level 2 of the Dungeon)
Jewellery
 d - a ring of positive energy (left hand)
   (You found it on level 1 of the Dungeon)
 p - an amulet of guardian spirit (around neck)
   (You found it on level 1 of the Dungeon)
 v - a ring of willpower (right hand)
   (You found it on level 2 of the Dungeon)
Scrolls
 f - 3 scrolls of identify {unknown}
 x - a scroll of immolation {unknown}
 D - 3 scrolls of enchant weapon {unknown}
Potions
 b - a potion of magic
 r - a potion of attraction {unknown}
 s - a potion of ambrosia {unknown}
 u - a potion of degeneration {unknown}

Dungeon Overview and Level Annotations

Branches:
Dungeon (3/15)

Shops:
D:3 ?

Annotations:
D:2 Robin

#.##.. #....# .
##..### ..
####..## # ...
#######....## #
.... .......โ€
..###### ....โ€
##
#######>#.......
....grg###
#.######## #g@g##
#.# #
###g)#####.####
###
##..........###..
######รท###......
#...# ###...#
##.######..###
#####..##.....##
#.........#####
#.....#####


You could see Robin, 2 hobgoblins, 2 goblins and a rat.


Message History

Press: ? - help, Q - select action, (/) - cycle Shift-Dir - straight line, f/p - goblin
Aim: a goblin, wielding a +0 club (severely wounded, 100% to hit)
The magic dart hits the goblin.
You kill the goblin!
Robin roars a battlecry!
The goblins go into a battle-frenzy!
You hear a shout! x2 ๐Ÿ˜• MP[-1]
You lost 1 mp, and now have 4/10 mp.
Aiming: Magic Dart (safe; 2% risk of failure)
Press: ? - help, Q - select action, (/) - cycle Shift-Dir - straight line, f - hobgoblin
Aim: a hobgoblin (strong, 100% to hit)
The magic dart hits the hobgoblin.
The hobgoblin hits you but does no damage. ๐Ÿ˜• MP[-1]
You lost 1 mp, and now have 3/10 mp.
Aiming: Magic Dart (safe; 2% risk of failure)
Press: ? - help, Q - select action, (/) - cycle Shift-Dir - straight line, f/p - hobgoblin
Aim: a hobgoblin (severely wounded, strong, 100% to hit)
The magic dart hits the hobgoblin but does no damage.
The hobgoblin hits you. Robin throws the goblin at you!
The goblin hits you with a +0 dagger. ๐Ÿ˜ฎ HP[-9] MP[-1]
You take 9 damage, and now have 15/26 hp.
MASSIVE DAMAGE!! (PAUSE)
You lost 1 mp, and now have 2/10 mp.
Aiming: Magic Dart (safe; 2% risk of failure)
Press: ? - help, Q - select action, (/) - cycle Shift-Dir - straight line, f/p - hobgoblin
Aim: a hobgoblin (severely wounded, strong, 100% to hit)
The magic dart hits the hobgoblin.
You kill the hobgoblin!
Robin says, "My army is invincible!"
The goblin hits you but does no damage. ๐Ÿ˜ฎ MP[-1]
You lost 1 mp, and now have 1/10 mp.
Aiming: Magic Dart (safe; 2% risk of failure)
Press: ? - help, Q - select action, (/) - cycle Shift-Dir - straight line, f - goblin
Aim: a goblin, wielding a +0 vampiric dagger (strong, 100% to hit)
The magic dart hits the goblin.
You kill the goblin!
Robin roars a battlecry!
The goblin closely misses you.
A goblin comes into view. It is wielding a +0 dagger.
A goblin comes into view. It is wielding a +0 club.
Aiming: Magic Dart (safe; 2% risk of failure)
Press: ? - help, Q - select action, (/) - cycle Shift-Dir - straight line, f - goblin
Aim: a goblin, wielding a +0 dagger (strong, 100% to hit)
The magic dart hits the goblin.
You kill the goblin!
A hobgoblin comes into view. ๐Ÿ˜ฎ MP[-1]
You lost 1 mp, and now have 0/10 mp.
You don't have enough magic to cast this spell.
Unknown command.
You don't have enough magic to cast this spell.
Unknown command.
A hobgoblin and a rat come into view.
The hobgoblin shouts!
A hobgoblin comes into view.
Robin points. "Kill!"
Robin misses you.
The hobgoblin moves out of view.
The rat moves out of view.
Things that are here:
a +0 vampiric dagger {short}; a hobgoblin corpse You hit Robin but do no damage.
Robin throws the goblin at you!
* * * LOW HITPOINT WARNING * * *
๐Ÿ˜จ HP[-3]
You take 3 damage, and now have 12/26 hp.
Unknown command.
E - a +0 vampiric dagger {short} Robin throws the goblin at you!
The goblin barely misses you.
You feel a sense of dread.
E - a +0 vampiric dagger (weapon)
{short} Robin says, "A pitiful Demigod like you will never find the ORB!"
Robin hits you with a +0 dagger.
* * * LOW HITPOINT WARNING * * *
The goblin barely misses you. The goblin hits you with a +0 dagger.
* * * LOW HITPOINT WARNING * * *
๐Ÿ˜จ HP[-3]
You take 3 damage, and now have 9/26 hp.
You barely miss Robin. The goblin closely misses you.
The goblin hits you with a +0 club.
* * * LOW HITPOINT WARNING * * *
Robin barely misses you. ๐Ÿ˜ฑ HP[-3]
You take 3 damage, and now have 6/26 hp.
As you read the scroll labelled NOOSKOH KEFY, it crumbles to dust.
You feel strangely unstable.
It was a scroll of teleportation.
The goblin misses you. The goblin hits you but does no damage.
The hobgoblin barely misses you. Robin hits you with a +0 dagger.
* * * LOW HITPOINT WARNING * * *
๐Ÿ˜ฑ HP[-3]
You take 3 damage, and now have 3/26 hp.
Okay, then.
It was a potion of might.
You feel very mighty all of a sudden. The goblin hits you with a +0 club.
* * * LOW HITPOINT WARNING * * *
The goblin hits you with a +0 dagger.
You die...

Skill      XL: |  1  2 |
---------------+-------+-----
Spellcasting   | 2 3 |  3.1
Dodging        | |  1.7
Stealth        | |  1.7
Conjurations   | |  3.7

Action                   || total
-------------------------++-------
Melee: Unarmed           ||    10
       Dagger            ||     1
 Cast: Magic Dart        ||    62
  Use: Scroll            ||     1
       Potion            ||     1
Armor: Robe              ||     7
Dodge: Dodged            ||    13

Levels and vault maps discovered:
D:1:      elethiomel_arrival_quiet, layout_basic
D:2:      layout_rooms, uniq_robin
D:3:      layout_loops_ring, mainiacjoe_overflow_catwalk, serial_shops,
          nicolae_shop_hallway_stairs, nicolae_shop_statue_plus,
          nicolae_ecumenical_snake_handling, uniq_sigmund, uniq_ijyb

Notes
Turn   | Place    | Note
-------+----------+-------------------------------------------
     0 | D:1      | spaghetti the Demigod Conjurer began the quest for the Orb.
     0 | D:1      | Reached XP level 1. HP: 14/14 MP: 5/5
     0 | D:1      | magus.rc [v1.9.6]
   462 | D:1      | Reached skill level 2 in Spellcasting
   625 | D:1      | Reached XP level 2. HP: 20/20 MP: 5/7
  1435 | D:3      | Found Fuhecre's Magic Scroll Shoppe.
  1700 | D:2      | Reached skill level 3 in Spellcasting
  1700 | D:2      | Reached XP level 3. HP: 20/26 MP: 1/10
  1771 | D:2      | Learned a level 2 spell: Searing Ray
  1784 | D:2      | Noticed Robin
  1799 | D:2      | HP: 6/26 [goblin/+0 club[Robin] (4)]
  1801 | D:2      | HP: 1/26 [goblin/+0 club[Robin] (2)]
  1801 | D:2      | Slain by a goblin

Vanquished Creatures
  An adder (D:2)
  A worm (D:2)
  A ball python (D:1)
  3 bats
  An endoplasm (D:1)
  9 goblins
  6 hobgoblins
  2 kobolds
  A quokka (D:2)
  2 frilled lizards
27 creatures vanquished.

Table legend:
 A = Non-vault XP
 B = Vault XP
 C = Vault XP percentage of total XP
 D = Non-vault monster count
 E = Vault monster count
 F = Vault count percentage of total count
                 A         B        C        D         E       F
            +---------+---------+-------+---------+---------+-------
      Total |      51 |      13 |  20.3 |      20 |       7 |  25.9
            +---------+---------+-------+---------+---------+-------
        D:1 |      19 |       0 |   0.0 |      10 |       0 |   0.0
        D:2 |      32 |      13 |  28.9 |      10 |       7 |  41.2
            +---------+---------+-------+---------+---------+-------

Illustrated notes

Table legend:
 A = Kills in this place as a percentage of kills in entire the game.
 B = Kills by you in this place as a percentage of kills by you in the entire game.
 C = Kills by friends in this place as a percentage of kills by friends in the entire game.
 D = Other kills in this place as a percentage of other kills in the entire game.
 E = Experience gained in this place as a percentage of experience gained in the entire game.
 F = Experience gained in this place divided by the number of levels of this place that you have seen.
                   A       B       C       D       E      F
               +-------+-------+-------+-------+-------+----------------------
         Total | 100.0 | 100.0 |   N/A |   N/A | 100.0 |  21.3
       Dungeon | 100.0 | 100.0 |   N/A |   N/A | 100.0 |  21.3
               +-------+-------+-------+-------+-------+----------------------

Table legend: (Time is in decaauts)
 A = Elapsed time spent in this place.
 B = Non-inter-level travel time spent in this place.
 C = Inter-level travel time spent in this place.
 D = Time resting spent in this place.
 E = Time spent auto-exploring this place.
 F = Levels seen in this place.
 G = Mean time per level.
                   A        B        C        D        E       F      G
               +--------+--------+--------+--------+--------+-----+--------+
         Total |   1799 |   1772 |     27 |    307 |   1305 |   3 |  599.7 |
       Dungeon |   1799 |   1772 |     27 |    307 |   1305 |   3 |  599.7 |
               +--------+--------+--------+--------+--------+-----+--------+

Top non-repeatable levels by time:
     D:1: 1106 daAuts
     D:2: 514 daAuts
     D:3: 178 daAuts
